AoeStats
← NuMa | JuanMan

Arabia

509677735Analyzed
3v3 RM · 5d ago on Sep 27, 2026· 24m 54s· 6 players
Game mode
Random Map
Map size
Normal (6 player)
Population
200
Speed
Normal
Resources
Standard
Victory
Conquest
Starting age
Dark Age
Ending age
Imperial Age
RankedLock teamsTeams togetherTeam positionsShared explorationLock speedFull tech treeHidden civsTurbo modeCheats
Victory
Defeat
🇨🇴 Danes · Colombia
1489
+9
🇨🇴 Varangians · Colombia
1339
+14
🇨🇴 Vietnamese · Colombia
1295
+15
🇲🇽 Koreans · Mexico
1344
-14
🇮🇹 Vietnamese · Italy
1283
-12
🇬🇧 Franks · United Kingdom
1278
-12
Jonny Nuevo México
6:26 Loom
9:10 Feudal Age
9:40 Double-Bit Axe
9:35 Horse Collar
17:41 Fletching
22:28 Castle Age
22:18 Gold Mining
23:06 Bodkin Arrow
GdR_Salinaro
6:27 Loom
9:19 Feudal Age
9:50 Double-Bit Axe
15:57 Fletching
18:48 Padded Archer Armor
21:22 Wheelbarrow
boluwatifeajibade
6:20 Loom
8:45 Feudal Age
9:29 Double-Bit Axe
21:26 Castle Age
20:16 Scale Barding Armor
20:31 Gold Mining
21:30 Forging
24:13 Husbandry
Caminante Blanco
7:08 Loom
9:29 Feudal Age
9:41 Man-at-Arms
10:08 Double-Bit Axe
16:19 Fletching
17:45 Padded Archer Armor
24:31 Castle Age
24:44 Forging
25:03 Scale Mail Armor
Camo
7:14 Loom
9:35 Feudal Age
10:24 Double-Bit Axe
11:35 Bloodlines
11:42 Horse Collar
14:25 Scale Barding Armor
19:10 Forging
22:19 Wheelbarrow
25:34 Castle Age
24:00 Fletching
NuMa | JuanMan
7:10 Loom
9:28 Feudal Age
10:58 Wheelbarrow
10:09 Double-Bit Axe
10:06 Horse Collar
20:05 Gold Mining
22:45 Castle Age
21:10 Stone Mining
22:00 Fletching
22:11 Padded Archer Armor
22:47 Crossbowman
23:25 Bodkin Arrow
23:47 Hand Cart
23:44 Bow Saw
23:14 Elite Skirmisher
24:29 Heavy Plow
Connection lost

Rejoining the realm…

Still unreachable

The connection could not be restored.

Session expired

The server has moved on; the page needs a fresh start.